[Event "*** Titled Tuesday Blitz"]
[Site "Chess.com"]
[Date "2020.05.26"]
[Round "10"]
[White "nikitakhoroshev"]
[Black "swisspower96"]
[Result "0-1"]
[WhiteElo "2451"]
[BlackElo "2603"]
[TimeControl "180+1"]
[EndTime "12:05:05 PDT"]
[Termination "swisspower96 won on time"]

1. d4 Nf6 2. Bf4 d5 3. e3 c5 4. c3 Nc6 5. Nd2 Qb6 6. Qb3 c4 7. Qxb6 axb6 8. a3 b5 9. Rc1 h6 10. f3 Nd7 11. e4 Nb6 12. Be2 g5 13. Bg3 Bg7 14. h4 e5 15. dxe5 Nxe5 16. hxg5 hxg5 17. Rxh8+ Bxh8 18. Nh3 Bxh3 19. gxh3 Na4 20. Rb1 Rd8 21. exd5 Rxd5 22. Ne4 Kd7 23. b3 Nc5 24. bxc4 Ncd3+ 25.
Kf1 Nxc4 26. Bxd3 Rxd3 27. Rxb5 Rxf3+ 28. Kg2 Re3 29. Rxb7+ Kc6 30. Rc7+ Kd5 31. Rc5+ Kxe4 32. Rxc4+ Kd3 33. Rg4 Bf6 34. c4 Be7 35. Bf2 Re2 36. Kf3 Ra2 37. Rd4+ Kc3 38. Rd7 Bxa3 39. c5 f5 40. Rd5 g4+ 41. hxg4 fxg4+ 42. Kg3 Kc4 43. Rg5 Kb5 44. Rxg4 Kc6 45. Rg6+ Kc7 46. Kf3 Rc2 47. Bg3+ Kb7 48. Rb6+ Ka7 49. Rb5 Ka6 50. Rb6+ Ka5 51.
Rb8 Bxc5 52. Ke4 Rc3 53. Be5 Rc4+ 54. Kd5 Rc2 55. Ra8+ Kb4 56. Rb8+ Ka4 57. Rb7 Bb4 58. Bd4 Kb3 59. Rb8 Rd2 60. Ke4 Rd1 61. Be5 Kc4 62.
Rc8+ Bc5 63. Kf5 Rf1+ 64. Ke6 Re1 65. Kf5 Rf1+ 66. Ke6 Rd1 67. Kf5 Rd5 68. Ke4 Rd7 69. Kf5 Kd5 70. Bf6 Rf7 71. Re8 Bd6 72. Re6 Rd7 73. Re8 Rb7 74. Re1 Rb3 75. Rd1+ Kc6 76. Ke6 Re3+ 77. Kf7 Kd7 78. Rd4 Rf3 79. Kg6 Ke6 80.
Rg4 Rxf6+ 81. Kg5 Rf5+ 82. Kg6 Re5 0-1

[Event "*** Titled Tuesday Blitz"]
[Site "Chess.com"]
[Date "2020.05.26"]
[Round "10"]
[White "K_A_S_T_O_R"]
[Black "GeorgMeier"]
[Result "1/2-1/2"]
[WhiteElo "2727"]
[BlackElo "2965"]
[TimeControl "180+1"]
[EndTime "12:05:18 PDT"]
[Termination "Game drawn by agreement"]

1. e4 e6 2. d4 d5 3. Nc3 dxe4 4. Nxe4 Nd7 5. Nf3 Ngf6 6. Nxf6+ Nxf6 7. g3 Bd7 8. Ne5 Bc6 9. Nxc6 Qd5 10. Rg1 Qxc6 11.
Bg2 Qb6 12. c3 Bd6 13. Qa4+ c6 14. Qb3 h5 15. h4 Qxb3 16. axb3 Kd7 17. Bf3 g6 18.
Bg5 Nd5 19. Kf1 a6 20. b4 Be7 21. Bd2 Rhe8 22. Kg2 Rad8 23. Rge1 Bd6 24. Rad1 Be7 25. Be4 Kc8 26. Bb1 Rd7 27. Re2 Rdd8 28. Rde1 Kd7 29. Bd3 Bd6 30. Bc4 Be7 31. Kf3 Bd6 32. Bg5 Rc8 33. Re4 Be7 34. Bxe7 Nxe7 35. R4e2 Nf5 36. Kf4 Nd6 37. Bd3 Ke7 38. Kg5 Kf8 39. Kf6 Re7 40. f3 Rd8 41. g4 Ne8+ 42. Kg5 Rd5+ 43. Kf4 hxg4 44. fxg4 Nf6 45. Bc4 Rd8 46. Re5 Nd5+ 47. Kg3 Rde8 48. Rf1 Kg7 49. Re2 Nf6 50. Rfe1 Nd5 51.
g5 Nb6 52. Bb3 Nd5 53. Bxd5 cxd5 54. Kg4 Rh8 55. Ra1 Rc7 56. Ra5 Rhc8 57. b5 axb5 58. Rxb5 Ra8 59. Rb6 Ra1 60. Rf2 Rg1+ 61. Kf4 Re1 62. Kg3 Re3+ 63. Rf3 Re2 64. Rf2 Re3+ 65. Kg4 Re4+ 66. Kg3 Re7 67. Rd6 Rc7 68. Rb6 Re1 69.
Kg2 Re7 70. Kg3 Rh1 71. Rh2 Rg1+ 72. Rg2 Re1 73. Rf2 Re4 74. Rf4 Re1 75. Kf2 Rh1 76.
Kg2 Rc1 77. Rf2 Kf8 78. Re2 Ke8 79. Rd6 Rd7 80. Rxd7 Kxd7 81. Rf2 Ke7 82. Kg3 b5 83. Rd2 Re1 84. Rd3 Re4 85. b4 Re1 86. Rf3 Rg1+ 87. Kf4 Rc1 88. Re3 Rf1+ 89. Kg3 Rg1+ 90. Kf4 Rf1+ 91.
Kg3 Rh1 92. Rf3 Rc1 93. Kf4 Rd1 94. Re3 Rg1 95. Kf3 Rh1 96. Kg3 Rf1 97. Kg4 Ra1 98.
Kg3 Ra7 99. Kg4 Rc7 100. Kg3 Kd6 101. Kf4 Rc8 102. Rf3 Rh8 103. Kg4 Ke7 104. Re3 Rc8 105. Rf3 Ra8 106. Re3 Ra1 107. Rf3 1/2-1/2

[Event "*** Titled Tuesday Blitz"]
[Site "Chess.com"]
[Date "2020.05.26"]
[Round "10"]
[White "Shield12"]
[Black "grzechu96"]
[Result "1/2-1/2"]
[WhiteElo "2797"]
[BlackElo "2628"]
[TimeControl "180+1"]
[EndTime "12:07:48 PDT"]
[Termination "Game drawn - insufficient material"]

1. e4 c5 2. Nf3 d6 3. c3 Nf6 4. h3 g6 5. Bd3 Bg7 6. Bc2 O-O 7. O-O e5 8. d4 Qc7 9. Nbd2 Re8 10. dxe5 dxe5 11. a4 b6 12. Qe2 Ba6 13. Bd3 Bb7 14. Nc4 Nc6 15. Ne3 Na5 16. Nd2 Rad8 17.
Nec4 Nxc4 18. Bxc4 Re7 19. Re1 Red7 20. a5 Bh6 21. axb6 axb6 22. Nf3 Bxc1 23. Raxc1 Nxe4 24. Qc2 Nd2 25. Nxe5 Nxc4 26. Nxc4 Qf4 27. b3 b5 28. Rcd1 bxc4 29. Rxd7 Rxd7 30. Re2 Kg7 31. bxc4 Qxc4 32. Qb2 Qd5 33. f3 Bc6 34. Re4 c4 35. Re1 Qd2 36.
Qb1 Qxc3 37. Rc1 Qd4+ 38. Kh1 Bd5 39. Rd1 Qe5 40. Re1 Qf6 41. Qc2 Be6 42. Rc1 Rc7 43.
Qd2 c3 44. Qd6 Rc4 45. Qd3 Qd4 46. Qxd4+ Rxd4 47. Rxc3 Rd2 48. Kh2 h5 49. h4 Kf6 50.
Kg3 Bd5 51. Rc5 Be6 52. Rc6 Rb2 53. Rd6 Kg7 54. Rd4 Rc2 55. Re4 Bc4 56. Re1 Kf6 57. Rd1 Be2 58. Re1 Bd3 59. Rd1 Bf5 60. Rd6+ Kg7 61. Ra6 Rb2 62. Ra5 Bd3 63. Ra1 Rb1 64.
Ra3 Bf1 65. Kf2 Bc4 66. Rc3 Be6 67. Rc5 Rb2+ 68. Kg3 Bd7 69. Rc7 Bb5 70. Rb7 Rb3 71.
Kf4 Bc4 72. Rc7 Bf1 73. Rc2 Rd3 74. Kg3 Rd1 75. Kf2 Bd3 76. Rc3 Rd2+ 77. Ke3 Rxg2 78. Rxd3 Rh2 79. Rd4 Kf6 80. Ra4 Ke6 81. Ra6+ Ke7 82.
Ra4 Kf6 83. Ra6+ Kg7 84. Ra4 Rb2 85. Kf4 Rb7 86. Kg3 f6 87. Ra6 Rd7 88. Rc6 Re7 89. Rd6 g5 90. Rd8 Kg6 91. Rg8+ Kf5 92. Rh8 Kg6 93. Rg8+ Rg7 94. Rc8 Rb7 95. Rg8+ Kf7 96. Rh8 Kg6 97. Rg8+ Kh7 98. Rf8 Kg7 99. Rc8 Rb1 100.
Rc7+ Kg6 101. Rc8 Rg1+ 102. Kf2 Rh1 103. hxg5 fxg5 104. Kg2 Rd1 105. Rc6+ Kf5 106. Kg3 Rd5 107. Rc4 Re5 108. Ra4 Rc5 109. Rb4 Rc3 110. Rb5+ Kf6 111. Rb6+ Kf7 112. Rb7+ Ke6 113. Rb5 Kf6 114. Rb6+ Kf7 115. Rb7+ Kg8 116. Rb5 g4 117. Rxh5 gxf3 118. Rg5+ Kh7 119. Rf5 f2+ 120. Kxf2 Rc7 121. Kf3 Kg7 122. Rd5 Rf7+ 123. Kg4 Rf6 124. Kg5 Rg6+ 125. Kf5 Rf6+ 126. Ke5 Rg6 127. Rd7+ Kh6 128. Kf5 Rg5+ 129. Kf4 Rg6 130. Rd8 Rf6+ 131. Ke5 Rg6 132. Rh8+ Kg7 133. Rb8 Rg5+ 134. Ke6 Rg6+ 135. Kf5 Rf6+ 136. Ke5 Rg6 137. Rb7+ Kh6 138. Rb2 Rg5+ 139. Kf6 Rg6+ 140. Kf5 Rg5+ 141. Kf4 Rg6 142. Rh2+ Kg7 143. Rd2 Rf6+ 144. Ke5 Rg6 145. Rd7+ Kh6 146. Rd8 Rg5+ 147. Kf6 Rg6+ 148. Kf7 Rg7+ 149. Ke6 Rg6+ 150. Ke5 Rg5+ 151. Kf4 Rg6 152. Rh8+ Kg7 153. Rb8 Rf6+ 154. Ke5 Rg6 155. Rb2 Rg5+ 156. Ke6 Rg6+ 157. Kf5 Rf6+ 158. Ke5 Rg6 159. Rh2 Rg5+ 160. Ke6 Rg6+ 161. Kf5 Rf6+ 162. Ke5 Rg6 163. Rh5 Rh6 164. Rxh6 Kxh6 1/2-1/2